 Dungeon Crawl Stone Soup version 0.24-a0-285-g3c078ff (webtiles) character file.

Game seed: 17588270207333536238

4291 mhoghedin the Fighter (level 9, -14/81 HPs)
             Began as a Demigod Necromancer on May 7, 2019.
             Demolished by an orc warrior
             ... wielding a +0 battleaxe
              (20 damage)
             ... on level 9 of the Dungeon.
             The game lasted 00:23:10 (8789 turns).

mhoghedin the Fighter (Demigod Necromancer)         Turns: 8789, Time: 00:23:10

Health: -14/81     AC:  6    Str: 11    XL:     9   Next: 86%
Magic:  1/17       EV: 12    Int: 25    God:
Gold:   514        SH:  0    Dex: 16    Spells: 3/15 levels left

rFire    . . .     SeeInvis .   c - +2 whip (elec)
rCold    . . .     Gourm    .   (no shield)
rNeg     . . .     Faith    .   a - +0 robe
rPois    +         Spirit   .   o - +1 helmet
rElec    .         Reflect  .   r - +0 cloak
rCorr    .         Harm     .   (no gloves)
MR       .....                  d - +0 pair of boots
Stlth    ++........             (no amulet)
HPRegen  0.23/turn              e - ring of poison resistance {rPois, !d}
MPRegen  0.15/turn              (no ring)

@: very slightly contaminated
A: high mp 1
a: no special abilities


You were on level 9 of the Dungeon.
You were near starving.

You visited 1 branch of the dungeon, and saw 9 of its levels.

You collected 514 gold pieces.

Inventory:

Hand Weapons
 c - a +2 whip of electrocution (weapon)
   (You took it off an orc priest on level 7 of the Dungeon)
Missiles
 q - a throwing net {=f, !d}
Armour
 a - a +0 robe (worn)
 d - a +0 pair of boots (worn)
   (You found it on level 3 of the Dungeon)
 o - a +1 helmet (worn)
   (You found it on level 2 of the Dungeon)
 r - a +0 cloak (worn)
   (You took it off Crazy Yiuf on level 3 of the Dungeon)
Jewellery
 e - a ring of poison resistance (left hand) {rPois, !d}
   (You found it on level 1 of the Dungeon)
Wands
 i - a wand of digging (6)
   (You found it on level 9 of the Dungeon)
 w - a wand of disintegration (1)
   (You took it off Ijyb on level 4 of the Dungeon)
Scrolls
 f - a scroll of enchant armour
 j - 3 scrolls of blinking {!r}
 k - a scroll of identify
 l - a scroll of teleportation
 m - 2 scrolls of amnesia
 p - 3 scrolls of remove curse
 t - a scroll of fog
Potions
 g - 3 potions of brilliance
 h - a potion of haste
 n - a potion of curing
 s - 3 potions of ambrosia
 v - a potion of mutation {!q}
Comestibles
 b - 6 rations


   Skills:
 + Level 8.1 Fighting
 + Level 4.3(6.1) Maces & Flails
   Level 6.6(7.2) Staves
 - Level 1.7 Dodging
 - Level 1.7 Stealth
 - Level 3.5 Spellcasting
 - Level 7.0 Necromancy


You had 3 spell levels left.
You knew the following spells:

 Your Spells              Type           Power        Failure   Level  Hunger
a - Pain                  Necr           ####         1%          1    None
b - Animate Dead          Necr           N/A          5%          4    ####...
r - Regeneration          Chrm/Necr      ###.......   7%          3    ###....
x - Vampiric Draining     Necr           #####.....   1%          3    ###....
A - Animate Skeleton      Necr           N/A          1%          1    None

Your spell library contained the following spells:

 Spells                   Type           Power        Failure   Level  Hunger


Dungeon Overview and Level Annotations

Branches:
Dungeon (9/15)             Temple (0/1) D:4            Lair (0/6) D:9
    Orc (0/2) D:9

Shops:
D:4 !

Annotations:
D:3 2 runed translucent doors, Anon1729's ghost, amateur NaMo
D:7 Joseph


Innate Abilities, Weirdness & Mutations

You have an increased reservoir of magic. (+10% MP)


Message History

Your orc skeleton hits the fungus with a +0 mace.
You swap places.
The phantom blinks!
The porcupine bites your orc skeleton. The porcupine bites your orc skeleton!
Your orc skeleton is destroyed!
Your orc wizard skeleton hits the plant but does no damage.
Your orc skeleton hits the plant but does no damage.
Your orc skeleton completely misses the plant.
You swap places.
The phantom hits your orc wizard skeleton!
The phantom blinks!
Your orc skeleton hits the plant but does no damage.
The porcupine bites the plant.
You swap places.
The porcupine bites your orc skeleton!
Your orc skeleton is destroyed!
The phantom completely misses your orc wizard skeleton.
The yak gores the plant.
The porcupine bites the plant!
Your orc skeleton hits the plant with a +0 whip.
Your orc wizard skeleton hits the phantom but does no damage.
The porcupine bites your orc skeleton!
Your orc skeleton is destroyed!
The porcupine bites the plant.
The plant is destroyed!
The phantom barely misses your orc wizard skeleton.
Your orc wizard skeleton hits the phantom with a +0 dagger.
The porcupine bites your orc skeleton!
Your orc skeleton is destroyed!
You hit the fungus.
The phantom barely misses your orc wizard skeleton.
The yak gores your orc wizard skeleton!
Your orc wizard skeleton is destroyed!
Your skin crawls.
You are near starving!
The porcupine bites the fungus!
You regained 2 hp, and now have 11/81 hp.
You now have 5/17 mp.
You hit the fungus. The orc warrior closely misses you.
The phantom hits the plant.
The porcupine bites the plant!
The orc hits the fungus but does no damage.
You hit the fungus.
The orc hits the fungus.
The phantom hits the plant.
The phantom blinks!
The porcupine bites the plant but does no damage.
The orc warrior hits you with a +0 battleaxe!
* * * LOW HITPOINT WARNING * * *
You take 10 damage, and have 1/81 hp.
You hit the fungus.
The orc hits the fungus.
The porcupine bites the plant but does no damage.
The orc hits the plant but does no damage.
The orc warrior misses you.
The porcupine completely misses the plant.
The porcupine bites the fungus.
The phantom hits the fungus!
The phantom blinks!
You regained 2 hp, and now have 4/81 hp.
The orc hits the plant but does no damage.
The porcupine bites the fungus!
The fungus is destroyed!
The porcupine bites the plant!
You hear a shout!
You feel better.
Your skin is crawling a little less now.
The yak gores the plant!
An orc comes into view. It is wielding a +0 flail.
The orc warrior closely misses you.
You regained 11 hp, and now have 16/81 hp.
Okay, then.
Unknown command.
Aim: an orc warrior, wielding a +0 battleaxe and wearing a +0 plate armour You feel life coursing into your body.
The phantom blinks!
The orc warrior hits you with a +0 battleaxe.
* * * LOW HITPOINT WARNING * * *
You regained 2 hp, and now have 18/81 hp.
You now have 3/17 mp.
Aim: an orc warrior, wielding a +0 battleaxe and wearing a +0 plate armour (heavily wounded)
You feel life coursing into your body.
The porcupine bites the plant!
The plant is destroyed!
The phantom blinks!
The porcupine bites the fungus.
You regained 7 hp, and now have 25/81 hp.
You now have 0/17 mp.
You hit the orc warrior but do no damage.
The orc warrior closely misses you.
You closely miss the orc warrior. The porcupine barely misses you.
The orc warrior barely misses you.
You hit the orc warrior. The porcupine bites you.
* * * LOW HITPOINT WARNING * * *
The porcupine bites the fungus!
You take 5 damage, and have 22/81 hp.
You hit the orc warrior. The porcupine bites you!
* * * LOW HITPOINT WARNING * * *
The orc hits the fungus.
The orc warrior closely misses you.
You take 9 damage, and have 13/81 hp.
You hit the orc warrior but do no damage.
Your skin stops crawling.
The yak gores the plant.
The porcupine bites you but does no damage.
The black bear bites the fungus.
The black bear claws the fungus. x2
The orc hits the fungus but does no damage.
The porcupine bites the fungus!
The orc hits the fungus.
You completely miss the orc warrior. The porcupine bites you!
* * * LOW HITPOINT WARNING * * *
The orc warrior hits you with a +0 battleaxe!!
You die...

#.........# #.......%.#
+........<# #.........#
##o....<>..+ ###W)........#
###orho..P.....#
#.######.PoYPP.PPPP....#
#........@rPPPP.PP......[
#####.....PPP..P..P...PP.
########..##...PPPPPPP.P..P.....
#.Z...#.Z##.PP.P...PPPPPP.PP.P.P
)###.#.##)......PP..PP>.PP.P
..#.#..))##.P..PPPP.P..P.P
##..###)###..P.PPP.P.PPP.
.##.Z.....#.....P..PPPPP
#...###..##.)÷P..PPP..


You could see a yak, a phantom, an orc warrior, a black bear, 2 porcupines and 3
orcs.

Vanquished Creatures
  An ugly thing (D:7)
  A hippogriff (D:7)
  Sigmund (D:6)
  A yak (D:9)
  Eustachio (D:5)
  A warg (D:9)
  Menkaure (D:7)
  Duvessa (D:7)
  2 porcupines (D:9)
  A sky beast (D:8)
  4 orc warriors
  2 black bears (D:6)
  2 phantoms
  A necrophage (D:8)
  3 ogres
  3 bullfrogs
  Dowan (D:7)
  A howler monkey (D:4)
  2 crimson imps
  A jelly (D:6)
  10 orc wizards
  A hound (D:4)
  7 orc priests
  Crazy Yiuf (D:3)
  Terence (D:3)
  Jessica (D:2)
  3 iguanas
  Ijyb (D:4)
  Natasha (D:4)
  7 worker ants
  A howler monkey zombie (D:8)
  15 gnolls
  7 adders
  A howler monkey skeleton (D:6)
  5 worms
  A dart slug (D:5)
  8 leopard geckos
  25 orcs
  2 ball pythons
  3 bats
  3 giant cockroaches
  13 hobgoblins
  10 jackals
  2 kobolds
  6 quokkas
  5 frilled lizards
  10 goblins
  A leopard gecko skeleton (D:5)
  A quokka skeleton (D:4)
  5 rats
188 creatures vanquished.

Vanquished Creatures (collateral kills)
  A scorpion (D:4)
  An orc priest (D:7)
  A gnoll shaman (D:6)
  A gnoll (D:8)
  A howler monkey skeleton (D:4)
  An adder zombie (D:7)
  An orc (D:8)
  A hobgoblin (D:4)
  A jackal (D:4)
9 creatures vanquished.

Vanquished Creatures (others)
  An orc wizard (D:5)
  2 orcs (D:7)
  3 fungi (D:9)
  2 plants (D:9)
8 creatures vanquished.

Grand Total: 205 creatures vanquished

Notes
Turn   | Place    | Note
-------+----------+-------------------------------------------
     0 | D:1      | mhoghedin the Demigod Necromancer began the quest for the
                  | Orb.
     0 | D:1      | Reached XP level 1. HP: 14/14 MP: 5/5
   172 | D:1      | Reached skill level 4 in Necromancy
   180 | D:1      | Learned a level 1 spell: Animate Skeleton
   597 | D:1      | Reached XP level 2. HP: 18/20 MP: 2/7
  1101 | D:2      | Found a stormy altar of Qazlal.
  1724 | D:2      | Noticed Jessica
  1727 | D:2      | Killed Jessica
  1727 | D:2      | Reached skill level 5 in Necromancy
  1727 | D:2      | Reached XP level 3. HP: 19/26 MP: 4/8
  2183 | D:3      | Noticed Terence
  2249 | D:3      | Learned a level 3 spell: Vampiric Draining
  2291 | D:3      | Killed Terence
  2291 | D:3      | Reached XP level 4. HP: 22/33 MP: 0/9
  2668 | D:3      | Found a large runed translucent door.
  2677 | D:3      | Found a large runed translucent door.
  2677 | D:3      | Noticed Anon1729's ghost (amateur NaMo)
  2803 | D:3      | Found a runed translucent door.
  2804 | D:3      | Noticed Crazy Yiuf
  2810 | D:3      | Killed Crazy Yiuf
  2810 | D:3      | Reached skill level 6 in Necromancy
  2810 | D:3      | Reached XP level 5. HP: 36/38 MP: 6/10
  3066 | D:4      | Found a snail-covered altar of Cheibriados.
  3071 | D:4      | Reached skill level 2 in Spellcasting
  3262 | D:4      | Reached XP level 6. HP: 30/45 MP: 7/12
  3368 | D:4      | Learned a level 4 spell: Animate Dead
  3379 | D:4      | Found Afepih's Distillery.
  3449 | D:4      | Noticed Natasha
  3456 | D:4      | Killed Natasha
  3516 | D:4      | Noticed Ijyb
  3581 | D:4      | Killed Ijyb
  3581 | D:4      | Reached skill level 3 in Spellcasting
  3734 | D:4      | Reached skill level 7 in Necromancy
  3741 | D:4      | Learned a level 3 spell: Regeneration
  3920 | D:4      | Found a staircase to the Ecumenical Temple.
  4171 | D:5      | Entered Level 5 of the Dungeon
  4187 | D:5      | Noticed Eustachio
  4201 | D:5      | Killed Eustachio
  4201 | D:5      | Reached skill level 1 in Fighting
  4201 | D:5      | Reached skill level 1 in Staves
  4201 | D:5      | Reached XP level 7. HP: 40/53 MP: 1/15
  4211 | D:5      | HP: 10/53 [something (6)]
  4216 | D:5      | HP: 8/53 [something (5)]
  4225 | D:5      | HP: 7/53 [something/magic dart (3)]
  4632 | D:5      | Reached skill level 2 in Fighting
  4632 | D:5      | Reached skill level 2 in Staves
  5324 | D:5      | Reached skill level 3 in Fighting
  5324 | D:5      | Reached skill level 3 in Staves
  5473 | D:5      | Found an ancient bone altar of Kikubaaqudgha.
  5548 | D:5      | Found a deep blue altar of Sif Muna.
  5583 | D:6      | Found a bloodstained altar of Trog.
  5697 | D:6      | Reached XP level 8. HP: 41/66 MP: 9/16
  5801 | D:6      | Reached skill level 4 in Fighting
  5801 | D:6      | Reached skill level 4 in Staves
  5820 | D:6      | Noticed Sigmund
  5825 | D:6      | Killed Sigmund
  5970 | D:6      | Reached skill level 5 in Fighting
  5970 | D:6      | Reached skill level 5 in Staves
  6422 | D:7      | Noticed Menkaure
  6424 | D:7      | Killed Menkaure
  6475 | D:7      | Noticed a hippogriff
  6476 | D:7      | Noticed a green ugly thing
  6504 | D:7      | Killed a hippogriff
  6633 | D:7      | Killed a green ugly thing
  6633 | D:7      | Reached skill level 6 in Fighting
  6633 | D:7      | Reached skill level 6 in Staves
  6633 | D:7      | Reached XP level 9. HP: 45/75 MP: 17/17
  6898 | D:7      | Noticed Duvessa
  6901 | D:7      | Noticed Dowan
  6908 | D:7      | Killed Duvessa
  6921 | D:7      | Killed Dowan
  6951 | D:7      | Noticed Joseph
  7424 | D:8      | Reached skill level 1 in Maces & Flails
  7450 | D:8      | Reached skill level 7 in Fighting
  7634 | D:8      | Found a shimmering altar of Xom.
  7669 | D:8      | Reached skill level 2 in Maces & Flails
  7732 | D:8      | HP: 14/79 [orc priest/cursed -1 trident (6)]
  7735 | D:8      | Reached skill level 3 in Maces & Flails
  8115 | D:8      | You fall through a shaft!
  8406 | D:9      | Found a staircase to the Orcish Mines.
  8516 | D:9      | Reached skill level 8 in Fighting
  8516 | D:9      | Reached skill level 4 in Maces & Flails
  8635 | D:9      | Found a blossoming altar of Fedhas.
  8749 | D:9      | Found a staircase to the Lair.
  8766 | D:9      | HP: 20/81 [black bear (5)]
  8767 | D:9      | HP: 8/81 [yak (13)]
  8777 | D:9      | HP: 1/81 [orc warrior/+0 battleaxe (11)]
  8782 | D:9      | HP: 18/81 [orc warrior/+0 battleaxe (5)]
  8787 | D:9      | HP: 13/81 [porcupine (10)]
  8789 | D:9      | HP: 6/81 [porcupine (8)]
  8789 | D:9      | Demolished by an orc warrior

Levels and vault maps discovered:
D:1:      psy_arrival_radial02, layout_loops_cross, serial_bayou,
          serial_bayou_lagoon_a, serial_bayou_lake_a, serial_bayou_shore_b,
          serial_bayou_shore_b
D:2:      layout_basic, lemuel_crystal_altar, first_ration, minmay_3d_cube,
          uniq_jessica
D:3:      layout_rooms, ebering_ghost_disaster_area, minivault_4,
          uniq_crazy_yiuf_cottage, uniq_terence
D:4:      cheibrodos_greedy_goblins, layout_cave_pools, lemuel_crystal_altar,
          minmay_temple_entry_waves, serial_shops, nicolae_shop_trees,
          chequers_garden, uniq_ijyb, uniq_natasha
D:5:      layout_rooms, kennysheep_mini_moat, lemuel_coloured_pillars_altar,
          uniq_eustachio
D:6:      layout_loops_corners, trog_ov_bears_minmay, uniq_sigmund
D:7:      layout_rooms, marbit_many_paths, nicolae_ossuary_entry_ruins,
          the_bakery, minmay_misc_feat_cross, uniq_prince_ribbit1,
          uniq_menkaure, uniq_duvessa, uniq_joseph, uniq_pikel
D:8:      layout_basic, nicolae_overflow_hidden_temple
D:9:      layout_roguey, nicolae_overflow_crystal_walls,
          chequers_temple_overflow_statue_of_worship,
          due_lair_maze_entry_diamond, erik_orc_3

Skill      XL: |  1  2  3  4  5  6  7  8  9 |
---------------+----------------------------+-----
Necromancy     | 4 5 6 7 |  7.0
Spellcasting   | 2 3 |  3.5
Fighting       | 1 3 6 8 |  8.1
Staves         | 1 3 6 |  6.6
Maces & Flails | 4 |  4.3
Dodging        | |  1.7
Stealth        | |  1.7

Action                   |  1- 3 |  4- 6 |  7- 9 || total
-------------------------+-------+-------+-------++-------
Melee: Unarmed           |     3 |       |       ||     3
       Quarterstaff      |    19 |    46 |   154 ||   219
       Short sword       |     2 |       |       ||     2
       Whip              |       |       |   162 ||   162
 Cast: Pain              |    65 |    97 |       ||   162
       Animate Skeleton  |     4 |    14 |       ||    18
       Vampiric Draining |       |     4 |    41 ||    45
       Animate Dead      |       |     2 |    16 ||    18
       Regeneration      |       |       |    13 ||    13
Evoke: Wand              |       |     1 |    16 ||    17
  Use: Scroll            |     4 |     3 |    11 ||    18
       Potion            |       |       |     7 ||     7
 Stab: Distracted        |       |     1 |       ||     1
       Paralysed         |       |       |     4 ||     4
       Sleeping          |       |       |     4 ||     4
       Confused          |       |       |     1 ||     1
  Eat: Ration            |     1 |     1 |     4 ||     6
       Chunk             |     2 |     6 |     4 ||    12
Armor: Robe              |     5 |    12 |    88 ||   105
       Skin              |       |       |    15 ||    15
Dodge: Dodged            |    27 |    31 |   189 ||   247

Table legend:
 A = Non-vault XP
 B = Vault XP
 C = Vault XP percentage of total XP
 D = Non-vault monster count
 E = Vault monster count
 F = Vault count percentage of total count
                 A         B        C        D         E       F
            +---------+---------+-------+---------+---------+-------
      Total |    3846 |    2285 |  37.3 |     153 |      45 |  22.7
            +---------+---------+-------+---------+---------+-------
        D:1 |      18 |       0 |   0.0 |      10 |       0 |   0.0
        D:2 |      40 |      45 |  52.9 |      16 |       5 |  23.8
        D:3 |      76 |      76 |  50.0 |      22 |       2 |   8.3
        D:4 |     459 |      87 |  15.9 |      19 |      12 |  38.7
        D:5 |     398 |     188 |  32.1 |      18 |       1 |   5.3
        D:6 |     497 |     482 |  49.2 |      18 |       3 |  14.3
        D:7 |    1128 |     381 |  25.2 |      23 |       3 |  11.5
        D:8 |    1096 |       0 |   0.0 |      25 |       0 |   0.0
        D:9 |     134 |    1026 |  88.4 |       2 |      19 |  90.5
            +---------+---------+-------+---------+---------+-------

Levels and vault maps discovered:
D:1:      psy_arrival_radial02, layout_loops_cross, serial_bayou,
          serial_bayou_lagoon_a, serial_bayou_lake_a, serial_bayou_shore_b,
          serial_bayou_shore_b
D:2:      layout_basic, lemuel_crystal_altar, first_ration, minmay_3d_cube,
          uniq_jessica
D:3:      layout_rooms, ebering_ghost_disaster_area, minivault_4,
          uniq_crazy_yiuf_cottage, uniq_terence
D:4:      cheibrodos_greedy_goblins, layout_cave_pools, lemuel_crystal_altar,
          minmay_temple_entry_waves, serial_shops, nicolae_shop_trees,
          chequers_garden, uniq_ijyb, uniq_natasha
D:5:      layout_rooms, kennysheep_mini_moat, lemuel_coloured_pillars_altar,
          uniq_eustachio
D:6:      layout_loops_corners, trog_ov_bears_minmay, uniq_sigmund
D:7:      layout_rooms, marbit_many_paths, nicolae_ossuary_entry_ruins,
          the_bakery, minmay_misc_feat_cross, uniq_prince_ribbit1,
          uniq_menkaure, uniq_duvessa, uniq_joseph, uniq_pikel
D:8:      layout_basic, nicolae_overflow_hidden_temple
D:9:      layout_roguey, nicolae_overflow_crystal_walls,
          chequers_temple_overflow_statue_of_worship,
          due_lair_maze_entry_diamond, erik_orc_3

Table legend:
 A = Turns spent in this place as a percentage of turns spent in the entire game.
 B = Non-inter-level travel turns spent in this place as a percentage of non-inter-level travel turns spent in the entire game.
 C = Inter-level travel turns spent in this place as a percentage of turns spent in this place.
 D = Turns resting spent in this place as a percentage of non-inter-level travel turns spent in this place.
 E = Turns spent auto-exploring this place as a percentage of non-inter-level travel turns spent in this place.
 F = Non-inter-level travel turns spent in this place divided by the number of levels of this place that you've seen.
                   A       B       C       D       E      F
               +-------+-------+-------+-------+-------+----------------------
         Total | 100.0 | 100.0 |   2.4 |  40.7 |  37.7 | 953.4
       Dungeon | 100.0 | 100.0 |   2.4 |  40.7 |  37.7 | 953.4
               +-------+-------+-------+-------+-------+----------------------

Table legend:
 A = Kills in this place as a percentage of kills in entire the game.
 B = Kills by you in this place as a percentage of kills by you in the entire game.
 C = Kills by friends in this place as a percentage of kills by friends in the entire game.
 D = Other kills in this place as a percentage of other kills in the entire game.
 E = Experience gained in this place as a percentage of experience gained in the entire game.
 F = Experience gained in this place divided by the number of levels of this place that you have seen.
                   A       B       C       D       E      F
               +-------+-------+-------+-------+-------+----------------------
         Total | 100.0 | 100.0 | 100.0 | 100.0 | 100.0 | 681.2
       Dungeon | 100.0 | 100.0 | 100.0 | 100.0 | 100.0 | 681.2
               +-------+-------+-------+-------+-------+----------------------
